 Dungeon Crawl Stone Soup version 0.29.0-4-gdea44cf6ec (webtiles) character file.

Game seed: 18048327201025246470

12377 qw the Grappler (level 11, 0/102 HPs)
             Began as a Troll Cinder Acolyte on Sept 3, 2022.
             Was an Initiate of Okawaru.
             Slain by an 11-headed hydra (1 damage)
             ... on level 2 of the Lair of Beasts.
             The game lasted 00:04:56 (9797 turns).

qw the Grappler (Troll Cinder Acolyte)              Turns: 9797, Time: 00:04:57

Health: 0/102      AC:  7    Str: 28    XL:     11   Next: 61%
Magic:  11/11      EV: 12    Int: 10    God:    Okawaru [......]
Gold:   90         SH:  9    Dex:  5    Spells: 12/12 levels left

rFire   . . .      SeeInvis .     - Unarmed
rCold   . . .      Faith    .   i - +0 kite shield
rNeg    . . .      Spirit   .   a - +0 robe
rPois   +          Reflect  .   (helmet restricted)
rElec   .          Harm     .   h - +2 cloak
rCorr   .          Rampage  .   (gloves unavailable)
Will    .....                   (boots unavailable)
Stlth   +.........              (no amulet)
HPRegen 1.07/turn               d - ring of poison resistance
MPRegen 0.12/turn               j - +4 ring of evasion

@: fire susceptible
A: large, unfitting armour, claws 3, regeneration 1, shaggy fur 1, tough skin 1
a: Renounce Religion


You were on level 2 of the Lair of Beasts.
You worshipped Okawaru.
Okawaru was noncommittal.
You visited 3 branches of the dungeon, and saw 12 of its levels.

You collected 793 gold pieces.
You spent 703 gold pieces at shops.


Innate Abilities, Weirdness & Mutations

You are too large for most types of armour.
You have claws for hands.
Your natural rate of healing is unusually fast.
You are covered in fur. (AC +1)
You have tough skin. (AC +1)


   Skills:
 - Level 5.0 Fighting
 - Level 5.2 Throwing
 - Level 1.3 Armour
 - Level 1.5 Dodging
 - Level 10.0 Shields
 + Level 13.0 Unarmed Combat
 - Level 1.0 Spellcasting
 - Level 2.1 Fire Magic


You had 12 spell levels left.
You didn't know any spells.
Your spell library contained the following spells:

 Spells                   Type           Power      Damage    Failure   Level
 Scorch                   Fire           8%         2d5       36%         2

Inventory:

Missiles
 p - 6 boomerangs (quivered)
Armour
 a - a +0 robe (worn)
 h - a +2 cloak (worn)
 i - a +0 kite shield (worn)
Jewellery
 b - a +6 ring of strength
 d - a ring of poison resistance (left claw)
 j - a +4 ring of evasion (right claw)
 n - a ring of fire
 r - a ring of protection from fire
Scrolls
 c - a scroll of identify
Potions
 e - 7 potions of curing
 k - 4 potions of haste
 q - a potion of might {unknown}

Dungeon Overview and Level Annotations

Branches:
Dungeon (9/15)             Temple (1/1) D:4            Lair (2/5) D:9
  Swamp: Lair:2-3    Shoals: Lair:2-3     Snake: Lair:2-3    Spider: Lair:2-3
    Orc: D:9-12

Altars:
Ashenzari
Dithmenos
Gozag
Hepliaklqana
Kikubaaqudgha
Makhleb
Nemelex Xobeh
Okawaru
Qazlal
Ru
Sif Muna
Trog
Uskayaw
Vehumet
Wu Jian
Xom
Yredelemnul
Zin
The Shining One

Shops:
D:5 :   D:8 !   D:9 ?

Annotations:
D:5 3 runed translucent doors, qw's ghost, novice TrCA


Message History

The eight-headed hydra grows two more!
You mangle the ten-headed hydra!!
The ten-headed hydra is heavily wounded.
The ten-headed hydra barely misses you.
The ten-headed hydra bites you but does no damage.
You block the ten-headed hydra's attack.
The ten-headed hydra bites you! The ten-headed hydra bites you.
The ten-headed hydra barely misses you.
You block the ten-headed hydra's attack. x2
The ten-headed hydra bites you!
The ten-headed hydra completely misses you.
You rip one of the ten-headed hydra's heads off!
The nine-headed hydra grows two more!
You claw the 11-headed hydra!
The 11-headed hydra is heavily wounded.
The 11-headed hydra bites you! You block the 11-headed hydra's attack.
The 11-headed hydra bites you. The 11-headed hydra closely misses you.
You block the 11-headed hydra's attack.
The 11-headed hydra bites you but does no damage.
The 11-headed hydra bites you! You block the 11-headed hydra's attack.
The 11-headed hydra barely misses you. The 11-headed hydra bites you!
The 11-headed hydra bites you but does no damage.
You barely miss the 11-headed hydra.
The 11-headed hydra is heavily wounded.
The 11-headed hydra bites you but does no damage.
The 11-headed hydra barely misses you. The 11-headed hydra bites you.
You block the 11-headed hydra's attack. The 11-headed hydra misses you.
You block the 11-headed hydra's attack. x2; The 11-headed hydra bites you!
The 11-headed hydra misses you. The 11-headed hydra bites you. x2
9796 ||| DRINKING 2 potions of heal wounds.
You feel much better. The 11-headed hydra closely misses you.
The 11-headed hydra bites you! The 11-headed hydra barely misses you.
The 11-headed hydra bites you! You block the 11-headed hydra's attack.
The 11-headed hydra closely misses you. The 11-headed hydra bites you.
You block the 11-headed hydra's attack. The 11-headed hydra bites you!
You block the 11-headed hydra's attack. The 11-headed hydra closely misses you.
9797 ||| DRINKING potion of heal wounds.
You feel much better.
The 11-headed hydra bites you! x2; The 11-headed hydra bites you.
The 11-headed hydra barely misses you. The 11-headed hydra bites you. x2
You die...

........#
.......P ####
#.....# ##..##
#.....###....#
#.....##....##
#....##...%.#
#....'.....##
##....#######
#P...@P#
##...D##
.........
..........
...........
###+........
#...####.P
#... ###


You could see a 11-headed hydra.

Vanquished Creatures
  Pikel (D:4)
  2 black mambas (Lair:1)
  A rime drake (Lair:1)
  3 cane toads (Lair:1)
  4 blink frogs (Lair:1)
  Grinder (D:3)
  A slime creature (D:8)
  A wraith (D:6)
  A wyvern (Lair:1)
  24 yaks
  2 basilisks (Lair:1)
  Menkaure (D:4)
  Edmund (D:4)
  4 water moccasins
  2 black bears
  An ice beast (D:7)
  8 orc warriors
  2 sky beasts
  An ogre (D:5)
  A centaur (D:5)
  3 phantoms
  Blork the orc (D:6)
  2 kobold brigands
  2 necrophages
  4 bullfrogs (Lair:1)
  2 gnoll sergeants
  2 scorpions
  8 wights
  10 killer bees
  A howler monkey (D:6)
  3 hounds
  2 jellies
  7 orc priests
  Ijyb (D:3)
  9 orc wizards
  Terence (D:3)
  Robin (D:4)
  17 gnolls
  12 adders
  2 river rats (D:6)
  2 shadow imps (D:5)
  A white imp (D:6)
  7 worms
  3 dart slugs
  60 orcs
  3 endoplasms
  5 giant cockroaches
  15 goblins
  7 hobgoblins
  3 jackals (D:4)
  9 kobolds
  4 quokkas
  4 ball pythons
  3 bats
  A frilled lizard (D:2)
  5 rats
284 creatures vanquished.

Vanquished Creatures (others)
  A goblin (D:4)
  4 fungi
  7 plants
12 creatures vanquished.

Grand Total: 296 creatures vanquished

Notes
Turn   | Place    | Note
-------+----------+-------------------------------------------
     0 | D:1      | qw the Troll Cinder Acolyte began the quest for the Orb.
     0 | D:1      | Reached XP level 1. HP: 22/22 MP: 1/1
     0 | D:1      | 0 ||| qw: Version: 0.1-a-102-g441f92d
     0 | D:1      | 0 ||| qw: Game counter: 5239
     0 | D:1      | 0 ||| qw: Always use a shield: true
     0 | D:1      | 0 ||| qw: God list: Okawaru
     0 | D:1      | 0 ||| qw: Allow faded altars: false
     0 | D:1      | 0 ||| qw: Do Orc after D:15 true
     0 | D:1      | 0 ||| qw: Do second Lair branch before Depths: true
     0 | D:1      | 0 ||| qw: Lair rune preference: random
     0 | D:1      | 0 ||| qw: Plans: Normal
     0 | D:1      | 0 ||| PLANNING D:1-11
   157 | D:1      | Found a faded altar of an unknown god.
   377 | D:1      | Reached XP level 2. HP: 29/29 MP: 2/2
   619 | D:1      | 619 ||| READING scroll labelled BUNUMI VEIG.
   624 | D:1      | 624 ||| READING scroll labelled EBUACO JEEMN.
   625 | D:1      | 625 ||| READING 2 scrolls labelled UKIPIU BIALYABB.
   626 | D:1      | 626 ||| DROPPING scroll of summoning.
   781 | D:2      | 781 ||| Stepping ~*~*~tactically~*~*~ (stealth).
   836 | D:2      | Reached skill level 1 in Throwing
   836 | D:2      | Reached XP level 3. HP: 36/36 MP: 3/3
  1024 | D:2      | 1024 ||| Stepping ~*~*~tactically~*~*~ (stealth).
  1084 | D:2      | Reached skill level 4 in Unarmed Combat
  1231 | D:2      | 1231 ||| UPGRADING to +0 cloak.
  1236 | D:2      | 1236 ||| READING scroll labelled BESMUWN LICANEDDUY.
  1237 | D:2      | 1237 ||| DRINKING 3 smoky purple potions.
  1342 | D:2      | 1342 ||| DRINKING 2 sedimented inky potions.
  1343 | D:2      | 1343 ||| DRINKING 2 bubbling ruby potions.
  1344 | D:2      | 1344 ||| DROPPING 2 potions of berserk rage.
  1388 | D:3      | Noticed Grinder
  1388 | D:3      | Paralysed by Grinder for 2 turns
  1396 | D:3      | Paralysed by Grinder for 5 turns
  1403 | D:3      | Killed Grinder
  1404 | D:3      | Reached skill level 6 in Unarmed Combat
  1404 | D:3      | Reached XP level 4. HP: 34/44 MP: 4/4
  1404 | D:3      | Reached XP level 5. HP: 38/50 MP: 5/5
  1458 | D:3      | Noticed Terence
  1468 | D:3      | Killed Terence
  1499 | D:3      | Reached XP level 6. HP: 54/59 MP: 6/6
  1601 | D:3      | 1601 ||| INVOKING Fiery Armour.
  1605 | D:3      | 1605 ||| Stepping ~*~*~tactically~*~*~ (outnumbered).
  1606 | D:3      | 1606 ||| Stepping ~*~*~tactically~*~*~ (outnumbered).
  1607 | D:3      | 1607 ||| Stepping ~*~*~tactically~*~*~ (outnumbered).
  1608 | D:3      | 1608 ||| Stepping ~*~*~tactically~*~*~ (outnumbered).
  1609 | D:3      | 1609 ||| Stepping ~*~*~tactically~*~*~ (outnumbered).
  1610 | D:3      | 1610 ||| Stepping ~*~*~tactically~*~*~ (outnumbered).
  1611 | D:3      | 1611 ||| Stepping ~*~*~tactically~*~*~ (outnumbered).
  1737 | D:3      | 1737 ||| Stepping ~*~*~tactically~*~*~ (stealth).
  1741 | D:3      | 1741 ||| Stepping ~*~*~tactically~*~*~ (stealth).
  1808 | D:3      | Noticed Ijyb
  1815 | D:3      | 1815 ||| Stepping ~*~*~tactically~*~*~ (outnumbered).
  1824 | D:3      | Killed Ijyb
  1992 | D:3      | 1992 ||| UPGRADING to +4 ring of evasion.
  1993 | D:3      | 1993 ||| UPGRADING to +6 ring of strength.
  1994 | D:3      | 1994 ||| READING scroll labelled HOMMEMPOAHI.
  1995 | D:3      | 1995 ||| READING 2 scrolls labelled VIUKAF RAMIXT.
  1996 | D:3      | 1996 ||| DROPPING scroll of blinking.
  2062 | D:4      | Noticed Menkaure
  2068 | D:4      | Killed Menkaure
  2069 | D:4      | Reached skill level 7 in Unarmed Combat
  2126 | D:4      | 2126 ||| Stepping ~*~*~tactically~*~*~ (hiding).
  2281 | D:4      | Reached XP level 7. HP: 66/66 MP: 7/7
  2370 | D:4      | Noticed Edmund
  2371 | D:4      | 2371 ||| INVOKING Fiery Armour.
  2372 | D:4      | Reached skill level 8 in Unarmed Combat
  2372 | D:4      | 2372 ||| FLEEEEING.
  2378 | D:4      | Killed Edmund
  2379 | D:4      | Reached skill level 3 in Fighting
  2395 | D:4      | 2395 ||| Stepping ~*~*~tactically~*~*~ (hiding).
  2517 | D:4      | Found a staircase to the Ecumenical Temple.
  2533 | D:4      | 2533 ||| Stepping ~*~*~tactically~*~*~ (hiding).
  2552 | D:4      | 2552 ||| Stepping ~*~*~tactically~*~*~ (stealth).
  2619 | D:4      | Noticed Pikel
  2620 | D:4      | 2620 ||| Stepping ~*~*~tactically~*~*~ (stealth).
  2624 | D:4      | Killed Pikel
  2625 | D:4      | Reached XP level 8. HP: 75/75 MP: 8/8
  2836 | D:4      | 2836 ||| Stepping ~*~*~tactically~*~*~ (hiding).
  2841 | D:4      | 2841 ||| Stepping ~*~*~tactically~*~*~ (stealth).
  2844 | D:4      | 2844 ||| Stepping ~*~*~tactically~*~*~ (outnumbered).
  2847 | D:4      | 2847 ||| Stepping ~*~*~tactically~*~*~ (outnumbered).
  2848 | D:4      | 2848 ||| INVOKING Fiery Armour.
  2849 | D:4      | 2849 ||| Stepping ~*~*~tactically~*~*~ (outnumbered).
  2850 | D:4      | 2850 ||| Stepping ~*~*~tactically~*~*~ (outnumbered).
  2879 | D:4      | Noticed Robin
  2880 | D:4      | 2880 ||| Stepping ~*~*~tactically~*~*~ (hiding).
  2889 | D:4      | Killed Robin
  3404 | D:4      | 3404 ||| UPGRADING to ring of poison resistance.
  3406 | D:4      | 3406 ||| UPGRADING to +4 ring of evasion.
  3408 | D:4      | 3408 ||| READING scroll labelled DIJORYQOPI.
  3452 | D:5      | Entered Level 5 of the Dungeon
  3457 | D:5      | 3457 ||| Stepping ~*~*~tactically~*~*~ (hiding).
  3458 | D:5      | 3458 ||| Stepping ~*~*~tactically~*~*~ (hiding).
  3581 | D:5      | Found Figor's Book Boutique.
  3595 | D:5      | Reached skill level 9 in Unarmed Combat
  3604 | D:5      | Reached skill level 1 in Dodging
  3604 | D:5      | 3604 ||| FLEEEEING.
  3605 | D:5      | 3605 ||| FLEEEEING.
  3606 | D:5      | 3606 ||| FLEEEEING.
  3607 | D:5      | 3607 ||| FLEEEEING.
  3608 | D:5      | 3608 ||| FLEEEEING.
  3609 | D:5      | 3609 ||| FLEEEEING.
  3610 | D:5      | 3610 ||| FLEEEEING.
  3611 | D:5      | 3611 ||| FLEEEEING.
  3612 | D:5      | 3612 ||| FLEEEEING.
  3613 | D:5      | 3613 ||| FLEEEEING.
  3614 | D:5      | 3614 ||| FLEEEEING.
  3615 | D:5      | 3615 ||| FLEEEEING.
  3616 | D:5      | 3616 ||| FLEEEEING.
  3617 | D:5      | 3617 ||| FLEEEEING.
  3618 | D:5      | 3618 ||| FLEEEEING.
  3619 | D:5      | 3619 ||| FLEEEEING.
  3636 | D:5      | 3636 ||| Stepping ~*~*~tactically~*~*~ (hiding).
  3637 | D:5      | 3637 ||| Stepping ~*~*~tactically~*~*~ (hiding).
  4078 | D:5      | 4078 ||| Stepping ~*~*~tactically~*~*~ (hiding).
  4111 | D:5      | 4111 ||| Stepping ~*~*~tactically~*~*~ (stealth).
  4113 | D:5      | 4113 ||| Stepping ~*~*~tactically~*~*~ (hiding).
  4115 | D:5      | 4115 ||| Stepping ~*~*~tactically~*~*~ (hiding).
  4118 | D:5      | 4118 ||| Stepping ~*~*~tactically~*~*~ (hiding).
  4122 | D:5      | 4122 ||| Stepping ~*~*~tactically~*~*~ (outnumbered).
  4283 | D:5      | Found a runed translucent gate.
  4283 | D:5      | Found a runed translucent gate.
  4283 | D:5      | Found a runed translucent gate.
  4284 | D:5      | Noticed qw's ghost (novice TrCA)
  4368 | D:5      | 4368 ||| UPGRADING to +0 kite shield.
  4373 | D:5      | 4373 ||| READING scroll labelled AMALAN ENOI.
  4374 | D:5      | 4374 ||| DRINKING 2 fizzy black potions.
  4375 | D:5      | 4375 ||| DROPPING potion of flight.
  4415 | D:6      | 4415 ||| PLANNING SEWER
  4473 | D:6      | Reached XP level 9. HP: 83/83 MP: 9/9
  4520 | D:6      | Reached skill level 1 in Shields
  4556 | D:6      | 4556 ||| Stepping ~*~*~tactically~*~*~ (hiding).
  4567 | D:6      | 4567 ||| INVOKING Fiery Armour.
  4568 | D:6      | HP: 19/83 [orc/+0 war axe (7)]
  4569 | D:6      | 4569 ||| READING 3 scrolls of teleportation.
  4651 | D:6      | Reached skill level 3 in Shields
  4664 | D:6      | 4664 ||| INVOKING Fiery Armour.
  4665 | D:6      | 4665 ||| Stepping ~*~*~tactically~*~*~ (outnumbered).
  4671 | D:6      | 4671 ||| Stepping ~*~*~tactically~*~*~ (outnumbered).
  4806 | D:6      | 4806 ||| Stepping ~*~*~tactically~*~*~ (stealth).
  4808 | D:6      | Noticed Blork the orc
  4809 | D:6      | 4809 ||| Stepping ~*~*~tactically~*~*~ (hiding).
  4828 | D:6      | Killed Blork the orc
  4834 | D:6      | 4834 ||| Stepping ~*~*~tactically~*~*~ (outnumbered).
  4963 | D:6      | Identified the +12 long sword of Death's Door {elec, Fly
                  | rPois Dex+2}
  5038 | D:6      | 5038 ||| RIP SEWER
  5047 | D:6      | 5047 ||| PLANNING D:1-11
  5196 | D:6      | 5196 ||| READING scroll labelled KUISAGA OHIPH.
  5197 | D:6      | 5197 ||| DRINKING 2 sapphire potions.
  5281 | D:5      | 5281 ||| READING 2 scrolls of teleportation.
  5413 | D:5      | 5413 ||| READING scroll of teleportation.
  5555 | D:7      | 5555 ||| Stepping ~*~*~tactically~*~*~ (stealth).
  5556 | D:7      | 5556 ||| Stepping ~*~*~tactically~*~*~ (stealth).
  5557 | D:7      | 5557 ||| Stepping ~*~*~tactically~*~*~ (stealth).
  5562 | D:7      | 5562 ||| Stepping ~*~*~tactically~*~*~ (stealth).
  5574 | D:7      | 5574 ||| Stepping ~*~*~tactically~*~*~ (stealth).
  5579 | D:7      | 5579 ||| INVOKING Fiery Armour.
  5581 | D:7      | 5581 ||| Stepping ~*~*~tactically~*~*~ (outnumbered).
  5589 | D:7      | Reached skill level 6 in Shields
  5705 | D:7      | Found a basalt altar of Yredelemnul.
  5705 | D:7      | Found a sparkling altar of Nemelex Xobeh.
  5722 | D:7      | 5722 ||| Stepping ~*~*~tactically~*~*~ (outnumbered).
  5724 | D:7      | 5724 ||| Stepping ~*~*~tactically~*~*~ (outnumbered).
  5725 | D:7      | 5725 ||| Stepping ~*~*~tactically~*~*~ (outnumbered).
  5726 | D:7      | 5726 ||| Stepping ~*~*~tactically~*~*~ (outnumbered).
  5727 | D:7      | 5727 ||| Stepping ~*~*~tactically~*~*~ (outnumbered).
  5728 | D:7      | 5728 ||| Stepping ~*~*~tactically~*~*~ (outnumbered).
  5729 | D:7      | 5729 ||| Stepping ~*~*~tactically~*~*~ (outnumbered).
  5730 | D:7      | 5730 ||| Stepping ~*~*~tactically~*~*~ (outnumbered).
  5731 | D:7      | 5731 ||| Stepping ~*~*~tactically~*~*~ (outnumbered).
  5733 | D:7      | 5733 ||| Stepping ~*~*~tactically~*~*~ (outnumbered).
  5734 | D:7      | 5734 ||| Stepping ~*~*~tactically~*~*~ (outnumbered).
  5735 | D:7      | 5735 ||| Stepping ~*~*~tactically~*~*~ (outnumbered).
  5736 | D:7      | 5736 ||| INVOKING Fiery Armour.
  5737 | D:7      | 5737 ||| Stepping ~*~*~tactically~*~*~ (outnumbered).
  5738 | D:7      | 5738 ||| Stepping ~*~*~tactically~*~*~ (outnumbered).
  5739 | D:7      | 5739 ||| Stepping ~*~*~tactically~*~*~ (outnumbered).
  5740 | D:7      | 5740 ||| Stepping ~*~*~tactically~*~*~ (outnumbered).
  5741 | D:7      | 5741 ||| Stepping ~*~*~tactically~*~*~ (outnumbered).
  5742 | D:7      | 5742 ||| Stepping ~*~*~tactically~*~*~ (outnumbered).
  5743 | D:7      | 5743 ||| Stepping ~*~*~tactically~*~*~ (outnumbered).
  5744 | D:7      | 5744 ||| Stepping ~*~*~tactically~*~*~ (outnumbered).
  5804 | D:7      | 5804 ||| Stepping ~*~*~tactically~*~*~ (hiding).
  6233 | D:7      | Reached skill level 10 in Unarmed Combat
  6622 | D:7      | 6622 ||| Stepping ~*~*~tactically~*~*~ (stealth).
  6624 | D:7      | 6624 ||| Stepping ~*~*~tactically~*~*~ (hiding).
  6640 | D:7      | 6640 ||| INVOKING Fiery Armour.
  6829 | D:7      | Found a radiant altar of Vehumet.
  6833 | D:7      | Found a hide-covered altar of Uskayaw.
  6848 | D:7      | 6848 ||| READING 2 scrolls of identify.
  6848 | D:7      | 6848 ||| IDENTIFYING silvery potion
  6849 | D:7      | 6849 ||| DROPPING potion of lignification.
  6874 | D:8      | 6874 ||| Stepping ~*~*~tactically~*~*~ (stealth).
  6878 | D:8      | 6878 ||| INVOKING Fiery Armour.
  6894 | D:8      | Reached XP level 10. HP: 91/91 MP: 10/10
  6942 | D:8      | 6942 ||| Stepping ~*~*~tactically~*~*~ (outnumbered).
  6944 | D:8      | 6944 ||| Stepping ~*~*~tactically~*~*~ (outnumbered).
  6945 | D:8      | 6945 ||| Stepping ~*~*~tactically~*~*~ (outnumbered).
  6946 | D:8      | 6946 ||| Stepping ~*~*~tactically~*~*~ (outnumbered).
  6947 | D:8      | 6947 ||| Stepping ~*~*~tactically~*~*~ (outnumbered).
  6948 | D:8      | 6948 ||| Stepping ~*~*~tactically~*~*~ (outnumbered).
  6949 | D:8      | 6949 ||| Stepping ~*~*~tactically~*~*~ (outnumbered).
  6950 | D:8      | 6950 ||| Stepping ~*~*~tactically~*~*~ (outnumbered).
  6951 | D:8      | 6951 ||| Stepping ~*~*~tactically~*~*~ (outnumbered).
  6952 | D:8      | 6952 ||| Stepping ~*~*~tactically~*~*~ (outnumbered).
  6957 | D:8      | 6957 ||| Stepping ~*~*~tactically~*~*~ (outnumbered).
  6990 | D:8      | Found Sytoibb's Distillery.
  7000 | D:8      | 7000 ||| BUYING potion of curing (45 gold).
  7000 | D:8      | Bought a potion of curing for 45 gold pieces
  7000 | D:8      | 7000 ||| BUYING potion of haste (150 gold).
  7000 | D:8      | Bought a potion of haste for 150 gold pieces
  7000 | D:8      | 7000 ||| BUYING potion of haste (150 gold).
  7000 | D:8      | Bought a potion of haste for 150 gold pieces
  7000 | D:8      | 7000 ||| BUYING potion of haste (150 gold).
  7000 | D:8      | Bought a potion of haste for 150 gold pieces
  7000 | D:8      | 7000 ||| SHOPLISTING potion of heal wounds (75 gold, have
                  | 58).
  7000 | D:8      | 7000 ||| SHOPLISTING potion of might (60 gold, have 58).
  7051 | D:8      | 7051 ||| DRINKING 6 potions of curing.
  7051 | D:8      | 7051 ||| (to cure confusion)
  7059 | D:8      | 7059 ||| INVOKING Fiery Armour.
  7061 | D:8      | 7061 ||| Stepping ~*~*~tactically~*~*~ (outnumbered).
  7062 | D:8      | 7062 ||| Stepping ~*~*~tactically~*~*~ (outnumbered).
  7063 | D:8      | 7063 ||| Stepping ~*~*~tactically~*~*~ (outnumbered).
  7064 | D:8      | 7064 ||| Stepping ~*~*~tactically~*~*~ (outnumbered).
  7095 | D:8      | 7095 ||| Stepping ~*~*~tactically~*~*~ (stealth).
  7096 | D:8      | 7096 ||| Stepping ~*~*~tactically~*~*~ (stealth).
  7107 | D:8      | 7107 ||| Stepping ~*~*~tactically~*~*~ (stealth).
  7111 | D:8      | 7111 ||| Stepping ~*~*~tactically~*~*~ (stealth).
  7431 | D:8      | 7431 ||| DROPPING scarf of invisibility.
  7458 | D:9      | 7458 ||| Stepping ~*~*~tactically~*~*~ (stealth).
  7543 | D:9      | Found a shadowy altar of Dithmenos.
  7575 | D:9      | Found Vaibol's Magic Scroll Emporium.
  7585 | D:9      | 7585 ||| BUYING scroll of enchant armour (82 gold).
  7585 | D:9      | Bought a scroll of enchant armour for 82 gold pieces
  7585 | D:9      | 7585 ||| BUYING scroll of enchant armour (82 gold).
  7585 | D:9      | Bought a scroll of enchant armour for 82 gold pieces
  7585 | D:9      | 7585 ||| BUYING scroll of identify (22 gold).
  7585 | D:9      | Bought a scroll of identify for 22 gold pieces
  7585 | D:9      | 7585 ||| BUYING scroll of identify (22 gold).
  7585 | D:9      | Bought a scroll of identify for 22 gold pieces
  7585 | D:9      | 7585 ||| SHOPLISTING scroll of teleportation (33 gold, have
                  | 23).
  7585 | D:9      | 7585 ||| READING 2 scrolls of enchant armour.
  7585 | D:9      | 7585 ||| ENCHANTING +0 cloak.
  7586 | D:9      | 7586 ||| READING scroll of enchant armour.
  7586 | D:9      | 7586 ||| ENCHANTING +1 cloak.
  7675 | D:9      | Reached skill level 11 in Unarmed Combat
  7680 | D:9      | 7680 ||| Stepping ~*~*~tactically~*~*~ (stealth).
  7880 | D:9      | Found a staircase to the Lair.
  7888 | D:9      | 7888 ||| Stepping ~*~*~tactically~*~*~ (stealth).
  7891 | D:9      | 7891 ||| Stepping ~*~*~tactically~*~*~ (stealth).
  7902 | D:9      | 7902 ||| Stepping ~*~*~tactically~*~*~ (hiding).
  7909 | D:9      | 7909 ||| Stepping ~*~*~tactically~*~*~ (stealth).
  8026 | D:9      | 8026 ||| PLANNING LAIR
  8026 | D:9      | 8026 ||| READING 3 scrolls of identify.
  8026 | D:9      | 8026 ||| IDENTIFYING green potion
  8027 | D:9      | 8027 ||| READING 2 scrolls of identify.
  8027 | D:9      | 8027 ||| IDENTIFYING clear potion
  8028 | D:9      | 8028 ||| DROPPING potion of attraction.
  8029 | D:9      | 8029 ||| DROPPING potion of magic.
  8078 | Lair:1   | Entered Level 1 of the Lair of Beasts
  8084 | Lair:1   | 8084 ||| Stepping ~*~*~tactically~*~*~ (hiding).
  8098 | Lair:1   | 8098 ||| DRINKING potion of cancellation.
  8137 | Lair:1   | Noticed an oklob plant
  8138 | Lair:1   | 8138 ||| INVOKING Fiery Armour.
  8158 | Lair:1   | 8158 ||| Stepping ~*~*~tactically~*~*~ (stealth).
  8166 | Lair:1   | 8166 ||| Stepping ~*~*~tactically~*~*~ (stealth).
  8171 | Lair:1   | 8171 ||| Stepping ~*~*~tactically~*~*~ (outnumbered).
  8185 | Lair:1   | Reached skill level 9 in Shields
  8192 | Lair:1   | 8192 ||| Stepping ~*~*~tactically~*~*~ (stealth).
  8237 | Lair:1   | 8237 ||| INVOKING Fiery Armour.
  8238 | Lair:1   | 8238 ||| Stepping ~*~*~tactically~*~*~ (outnumbered).
  8241 | Lair:1   | Reached XP level 11. HP: 81/100 MP: 11/11
  8248 | Lair:1   | Reached skill level 12 in Unarmed Combat
  8343 | Lair:1   | 8343 ||| Stepping ~*~*~tactically~*~*~ (outnumbered).
  8435 | Lair:1   | 8435 ||| Stepping ~*~*~tactically~*~*~ (stealth).
  8607 | Lair:1   | 8607 ||| PLANNING TEMPLE
  8728 | Lair:1   | 8728 ||| Stepping ~*~*~tactically~*~*~ (hiding).
  8729 | Lair:1   | 8729 ||| Stepping ~*~*~tactically~*~*~ (hiding).
  8736 | Lair:1   | Reached skill level 13 in Unarmed Combat
  8824 | Lair:1   | Reached skill level 1 in Armour
  9085 | Temple   | Entered the Ecumenical Temple
  9211 | Temple   | 9211 ||| PLANNING CONVERSION TO OKAWARU
  9215 | Temple   | Fell from the grace of Ignis
  9215 | Temple   | Became a worshipper of Warmaster Okawaru
  9216 | Temple   | 9216 ||| PLANNING LAIR
  9713 | Lair:2   | 9713 ||| STAIRDANCE
  9732 | Lair:2   | 9732 ||| STAIRDANCE
  9734 | Lair:1   | 9734 ||| Stepping ~*~*~tactically~*~*~ (outnumbered).
  9735 | Lair:1   | 9735 ||| Stepping ~*~*~tactically~*~*~ (outnumbered).
  9736 | Lair:1   | 9736 ||| Stepping ~*~*~tactically~*~*~ (outnumbered).
  9737 | Lair:1   | 9737 ||| Stepping ~*~*~tactically~*~*~ (outnumbered).
  9739 | Lair:1   | 9739 ||| Stepping ~*~*~tactically~*~*~ (outnumbered).
  9740 | Lair:1   | 9740 ||| Stepping ~*~*~tactically~*~*~ (outnumbered).
  9741 | Lair:1   | 9741 ||| Stepping ~*~*~tactically~*~*~ (outnumbered).
  9742 | Lair:1   | 9742 ||| Stepping ~*~*~tactically~*~*~ (outnumbered).
  9744 | Lair:1   | 9744 ||| Stepping ~*~*~tactically~*~*~ (outnumbered).
  9759 | Lair:1   | You fall into a shaft and drop 1 floor!
  9788 | Lair:2   | Noticed an eight-headed hydra
  9795 | Lair:2   | HP: 20/102 [11-headed hydra (11)]
  9796 | Lair:2   | 9796 ||| DRINKING 2 potions of heal wounds.
  9796 | Lair:2   | HP: 7/102 [11-headed hydra (10)]
  9797 | Lair:2   | 9797 ||| DRINKING potion of heal wounds.
  9797 | Lair:2   | HP: 1/102 [11-headed hydra (6)]
  9797 | Lair:2   | Slain by an 11-headed hydra

Levels and vault maps discovered:
D:1:      lightli_arrival_farm, layout_basic,
          shapermc_ecumenical_altar_mp_highgroup, chequers_decorated_corner
D:2:      layout_loops_ring, minmay_misc_feat_cross
D:3:      layout_basic, uniq_grinder, uniq_ijyb, uniq_terence
D:4:      kennysheep_goblin_castle, layout_layer_cave,
          minmay_temple_entry_waves, uniq_menkaure, uniq_pikel, uniq_edmund
D:5:      layout_loops_ring, gammafunk_ghost_nasty_kobolds, serial_shops,
          nicolae_take_the_stairs, dreamdust_wishing_well
D:6:      layout_loops_ring, lightli_sewer_entry_pipes, uniq_blork_the_orc
D:7:      layout_layer_cave, grunt_temple_overflow_open, corexii_checkpoint_a
D:8:      layout_rooms, special_room [special_room_orc], serial_shops, shop,
          minmay_crystal_room, minmay_manual_monstrance
D:9:      layout_rooms, grunt_dithmenos_smoke, lair_entry_dummy, serial_shops,
          nicolae_lakefront_shop
Temple:   bh_familiar_temple
Lair:1:   layout_loops_ring, minmay_lair_oklob_items,
          infiniplex_staircase_pool_2
Lair:2:   layout_regular_city, skrybe_swamp_entry_bodies,
          chequers_serial_rivers_room_a

Skill      XL: |  1  2  3  4  5  6  7  8  9 10 11 |
---------------+----------------------------------+-----
Throwing       | 1 2 5 |  5.2
Unarmed Combat | 6 7 8 9 10 11 13 | 13.0
Fighting       | 3 4 5 |  5.0
Dodging        | 1 |  1.5
Shields        | 7 9 10 | 10.0
Armour         | 1 |  1.3
Spellcasting   | |  1.0
Fire Magic     | |  2.1

Action                   |  1- 3 |  4- 6 |  7- 9 | 10-12 || total
-------------------------+-------+-------+-------+-------++-------
Melee: Unarmed           |    46 |    61 |   292 |   312 ||   711
       Punch             |     1 |     2 |     5 |       ||     8
Throw: Large rock        |     7 |    16 |    39 |     9 ||    71
       Boomerang         |       |       |    29 |    58 ||    87
Invok: Fiery Armour      |       |     1 |     8 |     3 ||    12
  Use: Scroll            |     4 |     2 |     7 |     4 ||    17
       Potion            |     3 |       |     2 |     4 ||     9
Armor: Robe              |    11 |    19 |    73 |    58 ||   161
Dodge: Dodged            |    16 |    19 |   168 |   108 ||   311
Block: Kite shield       |       |       |    65 |   100 ||   165

Table legend:
 A = Non-vault XP
 B = Vault XP
 C = Vault XP percentage of total XP
 D = Non-vault monster count
 E = Vault monster count
 F = Vault count percentage of total count
                 A         B        C        D         E       F
            +---------+---------+-------+---------+---------+-------
      Total |   15139 |    2543 |  14.4 |     218 |      67 |  23.5
            +---------+---------+-------+---------+---------+-------
        D:1 |      21 |       0 |   0.0 |      12 |       0 |   0.0
        D:2 |      38 |       0 |   0.0 |       8 |       0 |   0.0
        D:3 |     154 |     328 |  68.0 |      21 |       3 |  12.5
        D:4 |     459 |    1067 |  69.9 |      23 |      23 |  50.0
        D:5 |     797 |       0 |   0.0 |      20 |       0 |   0.0
        D:6 |    1037 |     196 |  15.9 |      24 |      12 |  33.3
        D:7 |    1238 |       5 |   0.4 |      25 |       2 |   7.4
        D:8 |     952 |     947 |  49.9 |      19 |      27 |  58.7
        D:9 |    1343 |       0 |   0.0 |      26 |       0 |   0.0
     Lair:1 |    8949 |       0 |   0.0 |      39 |       0 |   0.0
     Lair:2 |     151 |       0 |   0.0 |       1 |       0 |   0.0
            +---------+---------+-------+---------+---------+-------
